 Dungeon Crawl Stone Soup version 0.23.1 (webtiles) character file.

Game seed: 64459018383717422

65 dengdeng the Skirmisher (level 3, -2/34 HPs)
             Began as a Minotaur Berserker on Mar 8, 2019.
             Was a Believer of Trog.
             Slain by a gnoll
             ... wielding a +0 club
              (5 damage)
             ... on level 1 of the Dungeon.
             The game lasted 00:03:34 (930 turns).

dengdeng the Skirmisher (Minotaur Berserker)         Turns: 930, Time: 00:03:35

Health: -2/34      AC:  2    Str: 22    XL:     3   Next: 92%
Magic:  2/2        EV: 12    Int:  4    God:    Trog [**....]
Gold:   85         SH:  0    Dex:  9    Spells: 2/2 levels left

rFire    . . .     SeeInvis .   j - +1 hand axe (chop)
rCold    . . .     Gourm    +   (no shield)
rNeg     . . .     Faith    .   b - +0 animal skin
rPois    .         Spirit   .   (helmet restricted)
rElec    .         Reflect  .   (no cloak)
rCorr    .         Harm     .   (no gloves)
MR       .....                  (no boots)
Stlth    +.........             d - amulet of the gourmand
HPRegen  0.11/turn              (no ring)
MPRegen  0.08/turn              (no ring)

@: lethally poisoned (-2 -> -3)
A: retaliatory headbutt, horns 2
a: Berserk, Trog's Hand, Renounce Religion


You were on level 1 of the Dungeon.
You worshipped Trog.
Trog was pleased with you.
You were not hungry.

You visited 1 branch of the dungeon, and saw 2 of its levels.

You collected 85 gold pieces.

Inventory:

Hand Weapons
 a - a +0 hand axe
 j - a +1 hand axe of chopping (weapon)
Missiles
 e - 23 stones (quivered)
 h - 3 tomahawks
Armour
 b - a +0 animal skin (worn)
Jewellery
 d - an amulet of the gourmand (around neck)
Scrolls
 g - a scroll of teleportation {unknown}
 i - a scroll of magic mapping {unknown}
Potions
 f - a potion of degeneration {unknown}
Comestibles
 c - 2 rations


   Skills:
 + Level 4.6 Fighting
 + Level 4.5 Axes
 + Level 0.1 Throwing
 * Level 3.0 Armour
 + Level 2.4 Dodging
 + Level 0.1 Stealth


You had 2 spell levels left.
You didn't know any spells.
Your spell library was empty.

Dungeon Overview and Level Annotations

Branches:
Dungeon (2/15)

Altars:


Innate Abilities, Weirdness & Mutations

You reflexively headbutt those who attack you in melee.
You have a pair of horns on your head.


Message History

Unknown command.
There are no items here.
Unknown command.
There are no items here.
There are no items here.
There are no items here.
Unknown command.
There are no items here.
There are no items here.
There are no items here.
You slash the worm!
You kill the worm!
Trog accepts your kill.
Your Armour skill increases to level 3!
You barely miss the gnoll. You barely miss the goblin.
You feel sick. The gnoll closely misses you. The goblin barely misses you.
You barely miss the gnoll.
You feel sick. The gnoll barely misses you.
You barely miss the gnoll. Your headbutt misses the gnoll.
The gnoll hits you with a +0 club.
You die...

#.# #......##.## ##.... #.#
#......##..# #..### #.#
#.......##.# #.## ##.#
#.....#..#.## #.# ####..#
#......#.#..###.# #....##
#......#....##..#### #####.#.####
#......###.......... ...........#
###.##..........####
#.###)#....## #@gg..###...#.# #.
###...#.....########.##..#...###.
#.#.###.......# #.##.##.......
.....#.....##.######....###....##
#.#.###....##........#####).....#
......#.########............#...#
#.#)#.#.# ##.##..#........#..
..###...# ##..##...####.......
###.###.# ##..###...###.......#


You could see a gnoll and a goblin.

Vanquished Creatures
  A gnoll (D:2)
  An adder (D:2)
  An ooze (D:1)
  A worm (D:1)
  A leopard gecko (D:1)
  A ball python (D:1)
  2 bats (D:1)
  A giant cockroach (D:1)
  3 hobgoblins (D:1)
  2 frilled lizards (D:1)
  11 goblins (D:1)
  6 kobolds (D:1)
  5 rats
36 creatures vanquished.

Notes
Turn   | Place    | Note
-------+----------+-------------------------------------------
     0 | D:1      | dengdeng the Minotaur Berserker began the quest for the
                  | Orb.
     0 | D:1      | Reached XP level 1. HP: 19/19 MP: 0/0
    37 | D:1      | Reached XP level 2. HP: 16/27 MP: 1/1
   433 | D:1      | Reached XP level 3. HP: 27/33 MP: 2/2
   577 | D:1      | Reached ** piety under Trog
   930 | D:1      | Slain by a gnoll

Skill      XL: |  1  2  3 |
---------------+----------+-----
Fighting       | 4 |  4.6
Axes           | 4 |  4.5
Armour         | 3 |  3.0
Throwing       | |  0.1
Dodging        | |  2.4
Stealth        | |  0.1

Action                   || total
-------------------------++-------
Melee: Hand axe          ||    50
       Headbutt          ||     6
Throw: Stone             ||    11
  Eat: Chunk             ||    10
Armor: Animal skin       ||     6
Dodge: Dodged            ||    41
